 Dungeon Crawl Stone Soup version 0.23-a0-143-g1adec7b (webtiles) character file.

2521 mopl the Spear-Bearer (level 9, -16/64 HPs)
             Began as a Merfolk Abyssal Knight on Sept 5, 2018.
             Was a Priest of Lugonu.
             Hit by a large rock thrown by a cyclops (33 damage)
             ... on level 12 of the Dungeon.
             The game lasted 00:15:36 (9998 turns).

mopl the Spear-Bearer (Merfolk Abyssal Knight)      Turns: 9998, Time: 00:15:37

Health: -16/64     AC:  6    Str: 13    XL:     9   Next: 54%
Magic:  15/15      EV: 12    Int: 12    God:    Lugonu [***...]
Gold:   239        SH:  0    Dex: 15    Spells: 3/8 levels left

rFire    . . .     SeeInvis .   a - +0 trident
rCold    . . .     Gourm    .   (no shield)
rNeg     . . .     Faith    .   j - +0 ring mail
rPois    +         Spirit   .   G - +0 helmet
rElec    .         Reflect  .   (no cloak)
rCorr    .         Harm     .   (no gloves)
MR       +....                  (no boots)
Stlth    +.........             (no amulet)
HPRegen  0.20/turn              e - ring of protection from magic
MPRegen  0.14/turn              C - ring of poison resistance

@: about to teleport
A: change form in water, swift swim, stealthy swim
a: Depart the Abyss, Bend Space, Banish, Renounce Religion


You were on level 12 of the Dungeon.
You worshipped Lugonu.
Lugonu was most pleased with you.
You were not hungry.

You visited 1 branch of the dungeon, and saw 10 of its levels.
You visited the Abyss 1 time.

You collected 329 gold pieces.
You spent 90 gold pieces at shops.

Inventory:

Hand Weapons
 a - a +0 trident (weapon)
 x - a +1 spear
Armour
 j - a +0 ring mail (worn)
 G - a +0 helmet (worn)
Magical Staves
 D - an uncursed staff of earth {unknown}
Jewellery
 e - a ring of protection from magic (left hand)
 f - an uncursed ring of protection from magic
 i - an uncursed ring of positive energy
 q - an uncursed ring of protection from cold
 y - an uncursed ring of wizardry
 C - a ring of poison resistance (right hand)
Wands
 I - a wand of flame (22)
Scrolls
 d - 2 scrolls of immolation {unknown}
 k - 6 scrolls of teleportation
 l - 7 scrolls of amnesia
 m - 3 scrolls of remove curse {unknown}
 n - a scroll of enchant armour {unknown}
 o - 3 scrolls of brand weapon {unknown}
 r - a scroll of noise {unknown}
 u - a scroll of magic mapping {unknown}
 w - 2 scrolls of enchant weapon {unknown}
 E - a scroll of blinking {unknown}
 F - a scroll of fear {unknown}
Potions
 b - 3 potions of might
 g - a potion of agility
 h - 3 potions of flight
 p - 2 potions of brilliance
 s - a potion of magic
 t - a potion of heal wounds
 v - a potion of curing
 z - a potion of cancellation
 A - a potion of resistance
 B - a potion of lignification {!q}
 H - a potion of ambrosia
Comestibles
 c - 20 rations
 J - 7 chunks of flesh


   Skills:
 + Level 3.6 Fighting
 - Level 14.0 Polearms
 - Level 0.6 Armour
 + Level 3.2 Dodging
 + Level 8.2 Invocations


You had 3 spell levels left.
You knew the following spells:

 Your Spells              Type           Power        Failure   Level  Hunger
a - Apportation           Tloc           #.....       56%         1    ##.....
r - Regeneration          Chrm/Necr      #.........   91%         3    ####...
x - Animate Skeleton      Necr           N/A          56%         1    ##.....

Your spell library contained the following spells:

 Spells                   Type           Power        Failure   Level  Hunger
 Confusing Touch          Hex            #.....       56%         1    ##.....
 Pain                     Necr           #...         56%         1    ##.....
 Summon Small Mammal      Summ           #...         56%         1    ##.....
 Vampiric Draining        Necr           #.........   91%         3    ####...
 Animate Dead             Necr           N/A          100%        4    #####..


Dungeon Overview and Level Annotations

Branches:
Dungeon (9/15)             Temple (0/1) D:6
   Lair: D:8-11         Orc: D:9-12

Altars:
Elyvilon
Fedhas
Gozag
Qazlal
Sif Muna
Uskayaw
Zin

Annotations:
D:7 1 runed door, Karim's ghost, novice GnTm
D:8 Gastronok


Message History

A big kobold comes into view.
An ogre and a cyclops come into view.
The cyclops shouts!
A troll comes into view.
The orc wizard casts a spell at you. The magic dart hits you!
* * * LOW HITPOINT WARNING * * *
The troll shouts!
The crimson imp blinks!
Unknown command.
As you read the scroll labeled JEABRA VOIXOI, it crumbles to dust.
It is a scroll of amnesia.
Okay, then.
The orc barely misses you. The kobold hits you but does no damage.
As you read the scroll labeled VOMAWN MAVIFEPP, it crumbles to dust.
You feel strangely unstable.
It was a scroll of teleportation.
The orc closely misses you.
The cyclops throws a large rock.
The large rock hits you!!
Ouch! That really hurt!
You die...

#.... #... #..# #.o# #
#To# ...>#########..#
...............#
..............o#
....K........K@#
.............5.#
..............O.......
......................
......................
............$.....C...
####.............
#######..##### ..#


You could see a cyclops, a troll, an ogre, 2 orc wizards, a crimson imp, an orc
and a kobold.

Vanquished Creatures
  A spriggan (D:7)
  3 phantoms
  2 ogres
  8 bullfrogs
  A scorpion (D:7)
  2 howler monkeys
  4 crimson imps
  A quasit (D:8)
  3 orc priests
  5 hounds
  3 jellies
  2 bullfrog skeletons
  4 orc wizards
  A centaur skeleton (D:4)
  6 worker ants
  2 worker ant zombies
  4 gnolls
  9 adders
  A shadow imp (D:6)
  3 worms
  A leopard gecko (D:1)
  25 orcs
  3 giant cockroaches
  10 goblins
  8 hobgoblins
  2 quokkas
  2 bats
  4 frilled lizards
  A jackal skeleton (D:8)
  9 kobolds
  2 leopard gecko skeletons
  A leopard gecko zombie (D:5)
  10 rats
143 creatures vanquished.

Vanquished Creatures (others)
  A wyvern (D:6)
  A hungry ghost (D:6)
  A necrophage (D:6)
3 creatures vanquished.

Grand Total: 146 creatures vanquished

Notes
Turn   | Place    | Note
-------+----------+-------------------------------------------
     0 | Abyss:1  | mopl the Merfolk Abyssal Knight began the quest for the
                  | Orb.
     0 | Abyss:1  | Reached XP level 1. HP: 18/18 MP: 2/2
    25 | D:1      | Escaped the Abyss
    72 | D:1      | Reached XP level 2. HP: 18/24 MP: 3/3
   294 | D:1      | Reached skill level 4 in Polearms
   800 | D:2      | Reached skill level 5 in Polearms
   800 | D:2      | Reached XP level 3. HP: 11/29 MP: 3/5
  1087 | D:2      | Reached skill level 3 in Invocations
  1284 | D:2      | Reached XP level 4. HP: 35/35 MP: 6/6
  1349 | D:1      | HP: 1/35 [poisoned by an adder]
  1392 | D:1      | Reached ** piety under Lugonu
  1975 | D:3      | Reached skill level 6 in Polearms
  2262 | D:2      | Reached XP level 5. HP: 35/41 MP: 7/7
  2609 | D:2      | Found an opulent altar of Gozag.
  3490 | D:4      | Found Zin's Purification Station.
  3490 | D:4      | Found a glowing silver altar of Zin.
  3496 | D:4      | Bought a potion of curing for 90 gold pieces
  3528 | D:4      | Reached skill level 7 in Polearms
  3589 | D:4      | Reached skill level 4 in Invocations
  3589 | D:4      | Reached XP level 6. HP: 35/47 MP: 7/9
  4091 | D:4      | Reached skill level 8 in Polearms
  4328 | D:4      | Found a deep blue altar of Sif Muna.
  4341 | D:4      | Reached *** piety under Lugonu
  4355 | D:4      | Found a white marble altar of Elyvilon.
  4549 | D:4      | Noticed a phantom
  4968 | D:5      | Entered Level 5 of the Dungeon
  5249 | D:5      | Reached XP level 7. HP: 47/52 MP: 10/10
  5320 | D:5      | Reached skill level 9 in Polearms
  5331 | D:5      | Reached skill level 5 in Invocations
  5567 | D:4      | Reached skill level 10 in Polearms
  5919 | D:5      | Found a blossoming altar of Fedhas.
  5926 | D:5      | Found a stormy altar of Qazlal.
  6658 | D:5      | Reached XP level 8. HP: 58/58 MP: 12/12
  6927 | D:5      | Reached skill level 6 in Invocations
  7202 | D:6      | Noticed a wyvern
  7205 | D:6      | Banished a wyvern
  7205 | D:6      | Reached skill level 11 in Polearms
  7411 | D:6      | Found a staircase to the Ecumenical Temple.
  7908 | D:6      | Learned a level 1 spell: Apportation
  7912 | D:6      | Found a hide-covered altar of Uskayaw.
  7921 | D:6      | Learned a level 1 spell: Animate Skeleton
  8033 | D:6      | Reached skill level 12 in Polearms
  8325 | D:7      | Learned a level 3 spell: Regeneration
  8357 | D:7      | Noticed Karim's ghost (novice GnTm)
  8360 | D:7      | Found a runed door.
  8452 | D:7      | Reached skill level 7 in Invocations
  8621 | D:7      | Noticed a spriggan baker
  8629 | D:7      | Killed a spriggan baker
  8629 | D:7      | Reached skill level 13 in Polearms
  8629 | D:7      | Reached XP level 9. HP: 52/64 MP: 14/14
  9371 | D:8      | Noticed Gastronok
  9544 | D:8      | Reached skill level 8 in Invocations
  9595 | D:8      | Reached skill level 14 in Polearms
  9847 | D:8      | Reached skill level 3 in Dodging
  9983 | D:9      | You fall through a shaft for 3 floors!
  9994 | D:12     | Noticed a cyclops
  9994 | D:12     | Noticed a troll
  9998 | D:12     | Hit by a large rock thrown by a cyclops

Vault maps used:
D:1:      dpeg_arrival_chambers_temple_mockup, minivault_19
D:2:      kennysheep_big_empty_room, kennysheep_nub, grunt_gozag_statues
D:4:      zin_purify, grunt_temple_overflow_open, first_ration
D:5:      grunt_temple_overflow_forces_of_nature
D:6:      marbit_many_paths, temple_pool_b
D:7:      hellmonk_ghost_happy_afterlife, the_bakery
D:8:      uniq_gastronok
D:9:      uniq_erica
D:12:     serial_shops, nicolae_shop_waterfront, gammafunk_ghost_mausoleum,
          lemuel_oklob_altar

Skill      XL: |  1  2  3  4  5  6  7  8  9 |
---------------+----------------------------+-----
Polearms       | 5 6 7 8 10 13 14 | 14.0
Invocations    | 3 4 5 7 8 |  8.2
Dodging        | 3 |  3.2
Fighting       | |  3.6
Armour         | |  0.6

Action                   |  1- 3 |  4- 6 |  7- 9 || total
-------------------------+-------+-------+-------++-------
Melee: Spear             |   113 |   311 |       ||   424
       Trident           |       |    37 |   486 ||   523
Invok: Bend Space        |       |     1 |     1 ||     2
       Banish            |       |       |     3 ||     3
  Use: Scroll            |       |     5 |     7 ||    12
  Eat: Chunk             |     1 |    13 |    16 ||    30
Armor: Leather armour    |     8 |       |       ||     8
       Ring mail         |    12 |    60 |    70 ||   142
Dodge: Dodged            |    53 |   107 |   127 ||   287

Table legend:
 A = Non-vault XP
 B = Vault XP
 C = Vault XP percentage of total XP
 D = Non-vault monster count
 E = Vault monster count
 F = Vault count percentage of total count
                 A         B        C        D         E       F
            +---------+---------+-------+---------+---------+-------
      Total |    3391 |     211 |   5.9 |     145 |       1 |   0.7
            +---------+---------+-------+---------+---------+-------
        D:1 |      64 |       0 |   0.0 |      23 |       0 |   0.0
        D:2 |     111 |       0 |   0.0 |      21 |       0 |   0.0
        D:3 |      49 |       0 |   0.0 |      18 |       0 |   0.0
        D:4 |     407 |       0 |   0.0 |      16 |       0 |   0.0
        D:5 |     726 |       0 |   0.0 |      21 |       0 |   0.0
        D:6 |     562 |       0 |   0.0 |      13 |       0 |   0.0
        D:7 |     687 |     211 |  23.5 |      11 |       1 |   8.3
        D:8 |     684 |       0 |   0.0 |      19 |       0 |   0.0
        D:9 |     101 |       0 |   0.0 |       3 |       0 |   0.0
            +---------+---------+-------+---------+---------+-------
